Washington Capitals vs Los Angeles Kings
Created - Friday, June 9, 2023 at 07:03
Goals
|
| Washington Capitals |
0 |
1 |
0 |
1 |
| Los Angeles Kings |
1 |
1 |
0 |
2 |
|
Shots
|
| Washington Capitals |
11 |
16 |
7 |
34 |
| Los Angeles Kings |
15 |
17 |
9 |
41 |
|
1st period
1. Los Angeles Kings , Peyton Krebs 14 (Noah Dobson 37, Ryan Reaves 11) at 19:51
Penalties :
No Penalty
2nd period
2. Washington Capitals , Nikita Zaitsev 3 (Brayden Point 49, Patrick Kane 50) at 7:45
3. Los Angeles Kings , Seth Jarvis 25 (Dominik Kubalik 38, Mike Matheson 21) at 10:39
Penalties :
Peyton Krebs (LAK) for Unsportsmanlike conduct (Minor) at 15:09
3rd period
No Goal
Penalties :
Tyler Gaudet (LAK) for Holding Stick (Minor) at 10:46
Goalie Stats
Vitek Vanecek (WSH), 39 saves from 41 shots - (0.951), L, 6-3-3, 58:41 minutes
Aaron Dell (LAK), 33 saves from 34 shots - (0.971), W, 7-6-2, 60:00 minutes
Players Stats for Washington Capitals
Player Name G A P +/- PIM S H SB GA TA FO MP PP MP PK MP
------------------------------------------------------------------------------------
Alex Ovechkin 0 0 0 0 0 3 0 0 1 0 0/2 22:17 2:06 0:00
Barrett Hayton 0 0 0 -1 0 4 2 0 0 0 4/6 15:08 1:52 0:00
Brad Marchand 0 0 0 0 0 4 0 0 0 0 0/0 15:57 1:52 0:00
Brayden Point 0 1 1 0 0 4 1 0 2 1 24/44 22:17 2:06 0:00
Connor Murphy 0 0 0 0 0 2 2 4 0 0 0/0 19:33 1:47 0:00
Drake Batherson 0 0 0 -1 0 2 3 0 0 0 0/0 13:32 0:00 0:00
Erik Cernak 0 0 0 -1 0 0 2 0 0 0 0/0 26:39 2:11 0:00
Fabian Zetterlund 0 0 0 0 0 0 1 0 0 0 0/0 8:14 0:00 0:00
Ian Cole 0 0 0 0 0 3 2 0 0 1 0/0 13:48 0:00 0:00
Isac Lundestrom 0 0 0 0 0 0 0 2 1 0 0/0 8:14 0:00 0:00
Jason Robertson 0 0 0 0 0 2 0 0 0 1 0/0 15:57 1:52 0:00
John Carlson 0 0 0 -1 0 2 1 0 0 1 0/0 26:39 2:11 0:00
Jordan Kyrou 0 0 0 -1 0 1 0 0 1 0 0/0 13:32 0:00 0:00
Nick Jensen 0 0 0 0 0 0 2 3 0 0 0/0 13:48 0:00 0:00
Nico Hischier 0 0 0 0 0 0 1 1 0 0 5/8 14:21 0:00 0:00
Nikita Zaitsev 1 0 1 0 0 4 0 0 1 1 0/0 19:33 1:47 0:00
Owen Tippett 0 0 0 0 0 0 2 2 0 0 0/0 8:14 0:00 0:00
Patrick Kane 0 1 1 0 0 3 1 0 1 1 1/1 22:17 2:06 0:00
Players Stats for Los Angeles Kings
Player Name G A P +/- PIM S H SB GA TA FO MP PP MP PK MP
------------------------------------------------------------------------------------
Alexander Radulov 0 0 0 0 0 4 1 0 0 0 0/1 15:12 0:00 0:00
Andrei Svechnikov 0 0 0 0 0 2 4 0 1 1 0/1 19:17 0:00 1:54
Cooper Marody 0 0 0 0 0 2 1 0 0 0 3/5 9:31 0:00 0:00
Dominik Kubalik 0 1 1 0 0 5 0 0 1 0 0/0 17:07 0:00 1:55
Evan Polei 0 0 0 0 0 1 1 0 0 0 0/0 9:34 0:00 0:03
Jakub Zboril 0 0 0 1 0 1 2 1 0 1 0/0 22:02 0:00 1:48
K'Andre Miller 0 0 0 0 0 2 1 1 0 1 0/0 21:27 0:00 2:10
Kirby Dach 0 0 0 0 0 1 2 1 0 1 0/2 18:05 0:00 2:01
Matt Tennyson 0 0 0 0 0 1 1 0 0 0 0/0 16:31 0:00 0:00
Mike Matheson 0 1 1 1 0 4 0 3 0 0 0/0 22:02 0:00 1:48
Nicklas Backstrom 0 0 0 0 0 2 2 0 0 0 10/18 19:17 0:00 1:54
Noah Dobson 0 1 1 0 0 2 0 0 1 2 0/0 21:27 0:00 2:10
Peyton Krebs 1 0 1 1 2 3 0 1 1 0 6/14 15:33 0:00 0:09
Rasmus Sandin 0 0 0 0 0 2 0 0 0 1 0/0 16:31 0:00 0:00
Ryan Reaves 0 1 1 1 0 1 1 0 0 0 0/1 13:46 0:00 0:00
Seth Jarvis 1 0 1 0 0 5 0 1 1 0 8/19 15:12 0:00 0:00
Tyler Gaudet 0 0 0 1 2 1 1 0 0 0 0/0 13:55 0:00 0:00
Vitaly Kravtsov 0 0 0 0 0 2 0 0 1 0 0/0 9:31 0:00 0:00
3 Stars
1 - Aaron Dell (LAK)
2 - Vitek Vanecek (WSH)
3 - Seth Jarvis (LAK)
Power Play
Washington Capitals - 0 on 2 Attempt(s) - 0.00%
Los Angeles Kings - 0 on 0 Attempt(s) - 0.00%
Penalty Kill
Washington Capitals - 0 on 0 Attempt(s) - 0.00%
- Score 0 goal in Penalty Kill
Los Angeles Kings - 2 on 2 Attempt(s) - 100.00%
- Score 0 goal in Penalty Kill
Team Stat
Washington Capitals - Hits : 20 - Faceoff Wins : 34 - Blocked Shots : 12 - Penalty Minutes : 0
Los Angeles Kings - Hits : 17 - Faceoff Wins : 27 - Blocked Shots : 8 - Penalty Minutes : 4
Official
Referees : Dave Lewis and Dan O'Halloran
Linesman : Tony Sericolo and Lonnie Cameron
Game Notes
No Game Note
Finance
Level 1 -- Attendance: 4889 (81.48%) -- Ticket Income $488,900
Level 2 -- Attendance: 4015 (80.30%) -- Ticket Income $240,900
Level 3 -- Attendance: 2131 (71.03%) -- Ticket Income $74,585
Level 4 -- Attendance: 3802 (76.04%) -- Ticket Income $95,050
Luxury Box -- Attendance: 750 (75.00%) -- Ticket Income $150,000
Game was played at the Staples Center.
Total Attendance: 15587 (77.94%)
Total Ticket Income: $1,049,435
Other Income: $367,302
Total Income: $1,416,737
Washington Capitals
5 vs 5 Forward
Center Left Wing Right Wing Time % Phy DF OF
1 Brayden Point Alex Ovechkin Patrick Kane 40 1 2 2
2 Nico Hischier Brad Marchand Jason Robertson 30 1 2 2
3 Barrett Hayton Jordan Kyrou Drake Batherson 20 1 2 2
4 Isac Lundestrom Fabian Zetterlund Owen Tippett 10 1 2 2
5 vs 5 Defense
Defense Defense Time % Phy DF OF
1 John Carlson Erik Cernak 40 1 2 2
2 Connor Murphy Nikita Zaitsev 30 1 2 2
3 Ian Cole Nick Jensen 20 1 2 2
4 John Carlson Erik Cernak 10 1 2 2
PowerPlay Forward
Center Left Wing Right Wing Time % Phy DF OF
1 Brayden Point Alex Ovechkin Patrick Kane 60 1 2 2
2 Barrett Hayton Brad Marchand Jason Robertson 40 1 2 2
PowerPlay Defense
Defense Defense Time % Phy DF OF
1 John Carlson Erik Cernak 60 1 2 2
2 Connor Murphy Nikita Zaitsev 40 1 2 2
Penalty Kill 4 Players Forward
Center Wing Time % Phy DF OF
1 Isac Lundestrom Brad Marchand 60 1 2 2
2 Nico Hischier Barrett Hayton 40 1 2 2
Penalty Kill 4 Players Defense
Defense Defense Time % Phy DF OF
1 Erik Cernak Nikita Zaitsev 60 1 2 2
2 Connor Murphy Nick Jensen 40 1 2 2
Penalty Kill - 3 Players Forward
Forward Time % Phy DF OF
1 Isac Lundestrom 60 1 2 2
2 Brad Marchand 40 1 2 2
Penalty Kill - 3 Players Defense
Defense Defense Time % Phy DF OF
1 Erik Cernak Nikita Zaitsev 60 1 2 2
2 Connor Murphy Nick Jensen 40 1 2 2
4 vs 4 Forward
Center Wing Time % Phy DF OF
1 Brayden Point Alex Ovechkin 60 1 2 2
2 Nico Hischier Patrick Kane 40 1 2 2
4 vs 4 Defense
Defense Defense Time % Phy DF OF
1 John Carlson Erik Cernak 60 1 2 2
2 Connor Murphy Nikita Zaitsev 40 1 2 2
Last Minutes Offensive
Center Left Wing Right Wing Defense Defense
Brayden Point Alex Ovechkin Patrick Kane John Carlson Erik Cernak
Last Minutes Defensive
Center Left Wing Right Wing Defense Defense
Isac Lundestrom Barrett Hayton Brad Marchand John Carlson Erik Cernak
Goaltenders
Starting : Vitek Vanecek
Backup : Jake Oettinger
Extra Forwards
Normal : Isac Lundestrom, Drake Batherson, Jordan Kyrou - PP : Isac Lundestrom, Drake Batherson - PK : Jordan Kyrou
Extra Defensemen
Normal : Ian Cole, Erik Cernak, Connor Murphy - PP : Ian Cole - PK : Erik Cernak, Connor Murphy
Penalty Shots
Brayden Point, Alex Ovechkin, Patrick Kane, Brad Marchand, Jason Robertson
Los Angeles Kings
5 vs 5 Forward
Center Left Wing Right Wing Time % Phy DF OF
1 Nicklas Backstrom Andrei Svechnikov Kirby Dach 30 1 2 2
2 Seth Jarvis Dominik Kubalik Alexander Radulov 30 1 2 2
3 Peyton Krebs Tyler Gaudet Ryan Reaves 25 1 2 2
4 Cooper Marody Evan Polei Vitaly Kravtsov 15 1 2 2
5 vs 5 Defense
Defense Defense Time % Phy DF OF
1 K'Andre Miller Noah Dobson 35 1 2 2
2 Mike Matheson Jakub Zboril 35 1 2 2
3 Matt Tennyson Rasmus Sandin 30 1 2 2
4 K'Andre Miller Noah Dobson 0 1 2 2
PowerPlay Forward
Center Left Wing Right Wing Time % Phy DF OF
1 Nicklas Backstrom Andrei Svechnikov Kirby Dach 50 1 2 2
2 Seth Jarvis Dominik Kubalik Alexander Radulov 50 1 2 2
PowerPlay Defense
Defense Defense Time % Phy DF OF
1 K'Andre Miller Noah Dobson 50 1 2 2
2 Mike Matheson Jakub Zboril 50 1 2 2
Penalty Kill 4 Players Forward
Center Wing Time % Phy DF OF
1 Andrei Svechnikov Nicklas Backstrom 50 1 2 2
2 Kirby Dach Dominik Kubalik 50 1 2 2
Penalty Kill 4 Players Defense
Defense Defense Time % Phy DF OF
1 K'Andre Miller Noah Dobson 50 1 2 2
2 Mike Matheson Jakub Zboril 50 1 2 2
Penalty Kill - 3 Players Forward
Forward Time % Phy DF OF
1 Andrei Svechnikov 50 1 2 2
2 Nicklas Backstrom 50 1 2 2
Penalty Kill - 3 Players Defense
Defense Defense Time % Phy DF OF
1 K'Andre Miller Noah Dobson 50 1 2 2
2 Mike Matheson Jakub Zboril 50 1 2 2
4 vs 4 Forward
Center Wing Time % Phy DF OF
1 Andrei Svechnikov Nicklas Backstrom 50 1 2 2
2 Kirby Dach Dominik Kubalik 50 1 2 2
4 vs 4 Defense
Defense Defense Time % Phy DF OF
1 K'Andre Miller Noah Dobson 50 1 2 2
2 Mike Matheson Jakub Zboril 50 1 2 2
Last Minutes Offensive
Center Left Wing Right Wing Defense Defense
Nicklas Backstrom Andrei Svechnikov Kirby Dach K'Andre Miller Noah Dobson
Last Minutes Defensive
Center Left Wing Right Wing Defense Defense
Nicklas Backstrom Andrei Svechnikov Kirby Dach K'Andre Miller Noah Dobson
Goaltenders
Starting : Aaron Dell
Backup : John Gibson
Extra Forwards
Normal : Evan Polei, Ryan Reaves, Peyton Krebs - PP : Evan Polei, Ryan Reaves - PK : Peyton Krebs
Extra Defensemen
Normal : Matt Tennyson, Rasmus Sandin, Mike Matheson - PP : Matt Tennyson - PK : Rasmus Sandin, Mike Matheson
Penalty Shots
Andrei Svechnikov, Nicklas Backstrom, Kirby Dach, Dominik Kubalik, Alexander Radulov
% Time on Ice - Washington Capitals
Lines # - Real PCT - Wanted PCT - Time Play
Normal Forward
1 - 35% - 40% - 19:03
2 - 26% - 30% - 14:05
3 - 25% - 20% - 13:32
4 - 15% - 10% - 8:14
Normal Defense
1 - 36% - 40% - 20:01
2 - 32% - 30% - 17:46
3 - 25% - 20% - 13:48
4 - 6% - 10% - 3:19
PP Forward
1 - 53% - 60% - 2:06
2 - 47% - 40% - 1:52
PP Defense
1 - 55% - 60% - 2:11
2 - 45% - 40% - 1:47
PK Forward
1 - 0% - 60%
2 - 0% - 40%
PK Defense
1 - 0% - 60%
2 - 0% - 40%
PK3 Forward
1 - 0% - 60%
2 - 0% - 40%
PK3 Defense
1 - 0% - 60%
2 - 0% - 40%
44 Forward
1 - 0% - 60%
2 - 0% - 40%
44 Defense
1 - 0% - 60%
2 - 0% - 40%
Last Minute Offensive - 1:08
Last Minute Defensive - 0:00
Total
Forward - 60:00
Defense - 60:00
|
% Time on Ice - Los Angeles Kings
Lines # - Real PCT - Wanted PCT - Time Play
Normal Forward
1 - 30% - 30% - 16:14
2 - 28% - 30% - 15:22
3 - 25% - 25% - 13:46
4 - 17% - 15% - 9:31
Normal Defense
1 - 35% - 35% - 19:17
2 - 35% - 35% - 19:05
3 - 30% - 30% - 16:31
4 - 0% - 0% - 0:00
PP Forward
1 - 0% - 50%
2 - 0% - 50%
PP Defense
1 - 0% - 50%
2 - 0% - 50%
PK Forward
1 - 49% - 50% - 1:57
2 - 51% - 50% - 2:01
PK Defense
1 - 55% - 50% - 2:10
2 - 45% - 50% - 1:48
PK3 Forward
1 - 0% - 50%
2 - 0% - 50%
PK3 Defense
1 - 0% - 50%
2 - 0% - 50%
44 Forward
1 - 0% - 50%
2 - 0% - 50%
44 Defense
1 - 0% - 50%
2 - 0% - 50%
Last Minute Offensive - 0:00
Last Minute Defensive - 1:09
Total
Forward - 60:00
Defense - 60:00
|
Play-by-Play
1st period
0:01 of 1st period - Nicklas Backstrom wins face-off versus Brayden Point in neutral zone.
0:06 of 1st period - Snap shot by Andrei Svechnikov.
0:06 of 1st period - Deflect By Nicklas Backstrom.
0:06 of 1st period - Stopped by Vitek Vanecek without a rebound.
0:07 of 1st period - Nicklas Backstrom wins face-off versus Brayden Point in Washington Capitals zone.
0:17 of 1st period - Wrist shot by Nicklas Backstrom.
0:17 of 1st period - Shot Misses the Net.
0:19 of 1st period - Slapshot by K'Andre Miller.
0:19 of 1st period - Stopped by Vitek Vanecek without a rebound.
0:20 of 1st period - Seth Jarvis wins face-off versus Nico Hischier in Washington Capitals zone.
0:23 of 1st period - Snap shot by Dominik Kubalik.
0:23 of 1st period - Stopped by Vitek Vanecek without a rebound.
0:24 of 1st period - Seth Jarvis wins face-off versus Nico Hischier in Washington Capitals zone.
0:59 of 1st period - Brad Marchand is hit by Jakub Zboril and loses puck.
2:14 of 1st period - Vitaly Kravtsov is hit by Drake Batherson and loses puck.
3:41 of 1st period - Wrist shot by Brayden Point.
3:41 of 1st period - Deflect By Alex Ovechkin.
3:41 of 1st period - Shot Misses the Net.
3:41 of 1st period - Puck is out of play.
3:42 of 1st period - Brayden Point wins face-off versus Ryan Reaves in Los Angeles Kings zone.
3:47 of 1st period - Wrist shot by Alex Ovechkin.
3:47 of 1st period - Shot Misses the Net.
3:49 of 1st period - Snap shot by Alex Ovechkin.
3:49 of 1st period - Shot Blocked by Mike Matheson.
3:51 of 1st period - Slapshot by Ian Cole.
3:51 of 1st period - Stopped by Aaron Dell with a rebound.
4:50 of 1st period - Slapshot by Owen Tippett.
4:50 of 1st period - Shot Misses the Net.
5:11 of 1st period - Slapshot by Dominik Kubalik.
5:11 of 1st period - Stopped by Vitek Vanecek with a rebound.
5:23 of 1st period - K'Andre Miller is hit by Fabian Zetterlund and loses puck.
5:36 of 1st period - Isac Lundestrom is hit by Jakub Zboril and loses puck.
6:07 of 1st period - Wrist shot by Dominik Kubalik.
6:07 of 1st period - Stopped by Vitek Vanecek with a rebound.
6:09 of 1st period - Snap shot by Dominik Kubalik.
6:09 of 1st period - Shot Misses the Net.
6:13 of 1st period - Slapshot by Seth Jarvis.
6:13 of 1st period - Shot Blocked by Isac Lundestrom.
6:15 of 1st period - Slapshot by Jakub Zboril.
6:15 of 1st period - Shot Blocked by Owen Tippett.
6:17 of 1st period - Snap shot by Alexander Radulov.
6:17 of 1st period - Stopped by Vitek Vanecek with a rebound.
6:39 of 1st period - Slapshot by Dominik Kubalik.
6:39 of 1st period - Shot Misses the Net.
6:41 of 1st period - Slapshot by Noah Dobson.
6:41 of 1st period - Stopped by Vitek Vanecek with a rebound.
7:01 of 1st period - Wrist shot by Seth Jarvis.
7:01 of 1st period - Stopped by Vitek Vanecek without a rebound.
7:02 of 1st period - Brayden Point wins face-off versus Nicklas Backstrom in Washington Capitals zone.
7:34 of 1st period - Peyton Krebs is hit by Ian Cole and loses puck.
7:49 of 1st period - Nikita Zaitsev is hit by Cooper Marody and loses puck.
7:56 of 1st period - Evan Polei is hit by Barrett Hayton.
8:17 of 1st period - Connor Murphy is hit by Matt Tennyson and loses puck.
8:50 of 1st period - Ian Cole is hit by Andrei Svechnikov.
9:02 of 1st period - Slapshot by Cooper Marody.
9:02 of 1st period - Shot Blocked by Nick Jensen.
9:04 of 1st period - Slapshot by Mike Matheson.
9:04 of 1st period - Stopped by Vitek Vanecek without a rebound.
9:05 of 1st period - Cooper Marody wins face-off versus Brayden Point in Washington Capitals zone.
9:16 of 1st period - Snap shot by Mike Matheson.
9:16 of 1st period - Shot Misses the Net.
9:18 of 1st period - Slapshot by Mike Matheson.
9:18 of 1st period - Deflect By Alex Ovechkin.
9:18 of 1st period - Stopped by Vitek Vanecek without a rebound.
9:19 of 1st period - Brayden Point wins face-off versus Nicklas Backstrom in Washington Capitals zone.
9:32 of 1st period - Wrist shot by Brayden Point.
9:32 of 1st period - Stopped by Aaron Dell with a rebound.
9:34 of 1st period - Snap shot by Alex Ovechkin.
9:34 of 1st period - Shot Misses the Net.
9:36 of 1st period - Slapshot by Nikita Zaitsev.
9:36 of 1st period - Stopped by Aaron Dell with a rebound.
9:48 of 1st period - K'Andre Miller is hit by Connor Murphy and loses puck.
10:08 of 1st period - Icing by Cooper Marody.
10:09 of 1st period - Cooper Marody wins face-off versus Barrett Hayton in Los Angeles Kings zone.
10:40 of 1st period - Slapshot by Patrick Kane.
10:40 of 1st period - Shot Misses the Net.
10:42 of 1st period - Snap shot by Alex Ovechkin.
10:42 of 1st period - Shot Misses the Net.
11:14 of 1st period - K'Andre Miller is hit by Ian Cole and loses puck.
11:19 of 1st period - Snap shot by Jordan Kyrou.
11:19 of 1st period - Stopped by Aaron Dell without a rebound.
11:20 of 1st period - Barrett Hayton wins face-off versus Nicklas Backstrom in Los Angeles Kings zone.
11:33 of 1st period - Wrist shot by Drake Batherson.
11:33 of 1st period - Shot Misses the Net.
11:49 of 1st period - Snap shot by Brayden Point.
11:49 of 1st period - Shot Misses the Net.
11:51 of 1st period - Slapshot by Nikita Zaitsev.
11:51 of 1st period - Shot Misses the Net.
11:53 of 1st period - Slapshot by Connor Murphy.
11:53 of 1st period - Shot Blocked by Seth Jarvis.
11:55 of 1st period - Slapshot by Nikita Zaitsev.
11:55 of 1st period - Stopped by Aaron Dell without a rebound.
11:56 of 1st period - Brayden Point wins face-off versus Seth Jarvis in Los Angeles Kings zone.
13:34 of 1st period - Snap shot by Fabian Zetterlund.
13:34 of 1st period - Shot Misses the Net.
13:44 of 1st period - Wrist shot by Mike Matheson.
13:44 of 1st period - Stopped by Vitek Vanecek with a rebound.
13:46 of 1st period - Wrist shot by Evan Polei.
13:46 of 1st period - Stopped by Vitek Vanecek with a rebound.
15:14 of 1st period - Slapshot by Andrei Svechnikov.
15:14 of 1st period - Shot Misses the Net.
16:00 of 1st period - Slapshot by Patrick Kane.
16:00 of 1st period - Stopped by Aaron Dell without a rebound.
16:01 of 1st period - Brayden Point wins face-off versus Seth Jarvis in Los Angeles Kings zone.
16:02 of 1st period - Snap shot by Patrick Kane.
16:02 of 1st period - Shot Misses the Net.
16:04 of 1st period - Slapshot by Ian Cole.
16:04 of 1st period - Shot Blocked by K'Andre Miller.
16:06 of 1st period - Slapshot by Ian Cole.
16:06 of 1st period - Stopped by Aaron Dell without a rebound.
16:07 of 1st period - Nicklas Backstrom wins face-off versus Brayden Point in Los Angeles Kings zone.
16:16 of 1st period - Wrist shot by Alex Ovechkin.
16:16 of 1st period - Deflect By Brayden Point.
16:16 of 1st period - Stopped by Aaron Dell with a rebound.
16:18 of 1st period - Slapshot by Ian Cole.
16:18 of 1st period - Stopped by Aaron Dell without a rebound.
16:19 of 1st period - Peyton Krebs wins face-off versus Brayden Point in Los Angeles Kings zone.
16:46 of 1st period - Brad Marchand is hit by Kirby Dach and loses puck.
16:57 of 1st period - Slapshot by Andrei Svechnikov.
16:57 of 1st period - Shot Blocked by Nico Hischier.
17:31 of 1st period - Snap shot by Alex Ovechkin.
17:31 of 1st period - Stopped by Aaron Dell with a rebound.
17:37 of 1st period - Slapshot by Noah Dobson.
17:37 of 1st period - Stopped by Vitek Vanecek without a rebound.
17:38 of 1st period - Nico Hischier wins face-off versus Nicklas Backstrom in Washington Capitals zone.
18:03 of 1st period - Rasmus Sandin is hit by Brayden Point and loses puck.
18:30 of 1st period - Snap shot by Jordan Kyrou.
18:30 of 1st period - Shot Misses the Net.
18:32 of 1st period - Wrist shot by Barrett Hayton.
18:32 of 1st period - Stopped by Aaron Dell without a rebound.
18:33 of 1st period - Peyton Krebs wins face-off versus Brayden Point in Los Angeles Kings zone.
18:45 of 1st period - Wrist shot by Peyton Krebs.
18:45 of 1st period - Stopped by Vitek Vanecek without a rebound.
18:46 of 1st period - Nicklas Backstrom wins face-off versus Brayden Point in Washington Capitals zone.
19:51 of 1st period - Wrist shot by Peyton Krebs.
19:51 of 1st period - Goal by Peyton Krebs - Washington Capitals : 0 - Los Angeles Kings : 1.
19:52 of 1st period - Brayden Point wins face-off versus Nicklas Backstrom in neutral zone.
19:59 of 1st period - Snap shot by Alex Ovechkin.
19:59 of 1st period - Shot Misses the Net.
Goals for this period are 0 for Washington Capitals vs 1 for Los Angeles Kings.
Shots for this period are 11 for Washington Capitals vs 15 for Los Angeles Kings.
2nd period
0:01 of 2nd period - Brayden Point wins face-off versus Nicklas Backstrom in neutral zone.
0:31 of 2nd period - Icing by Jakub Zboril.
0:32 of 2nd period - Barrett Hayton wins face-off versus Nicklas Backstrom in Los Angeles Kings zone.
1:04 of 2nd period - Slapshot by Drake Batherson.
1:04 of 2nd period - Deflect By Barrett Hayton.
1:04 of 2nd period - Stopped by Aaron Dell with a rebound.
1:06 of 2nd period - Slapshot by Drake Batherson.
1:06 of 2nd period - Shot Misses the Net.
1:22 of 2nd period - Snap shot by Jordan Kyrou.
1:22 of 2nd period - Shot Blocked by Mike Matheson.
1:34 of 2nd period - Mike Matheson is hit by Drake Batherson and loses puck.
1:39 of 2nd period - Wrist shot by Jordan Kyrou.
1:39 of 2nd period - Shot Blocked by Kirby Dach.
1:47 of 2nd period - Slapshot by Drake Batherson.
1:47 of 2nd period - Shot Blocked by Mike Matheson.
1:49 of 2nd period - Slapshot by Connor Murphy.
1:49 of 2nd period - Stopped by Aaron Dell without a rebound.
1:50 of 2nd period - Seth Jarvis wins face-off versus Brayden Point in Los Angeles Kings zone.
2:01 of 2nd period - Wrist shot by Patrick Kane.
2:01 of 2nd period - Stopped by Aaron Dell with a rebound.
2:03 of 2nd period - Slapshot by John Carlson.
2:03 of 2nd period - Stopped by Aaron Dell without a rebound.
2:04 of 2nd period - Peyton Krebs wins face-off versus Brayden Point in Los Angeles Kings zone.
2:08 of 2nd period - Off-side.
2:09 of 2nd period - Brayden Point wins face-off versus Peyton Krebs in neutral zone.
2:45 of 2nd period - Wrist shot by Jason Robertson.
2:45 of 2nd period - Shot Misses the Net.
3:09 of 2nd period - John Carlson is hit by Evan Polei and loses puck.
3:20 of 2nd period - Peyton Krebs is hit by Drake Batherson and loses puck.
4:01 of 2nd period - Wrist shot by Nico Hischier.
4:01 of 2nd period - Shot Misses the Net.
4:03 of 2nd period - Snap shot by Erik Cernak.
4:03 of 2nd period - Deflect By Brad Marchand.
4:03 of 2nd period - Shot Blocked by Peyton Krebs.
4:03 of 2nd period - Puck is out of play.
4:04 of 2nd period - Nico Hischier wins face-off versus Peyton Krebs in Los Angeles Kings zone.
4:19 of 2nd period - Wrist shot by Peyton Krebs.
4:19 of 2nd period - Stopped by Vitek Vanecek without a rebound.
4:20 of 2nd period - Brayden Point wins face-off versus Seth Jarvis in Washington Capitals zone.
4:25 of 2nd period - Slapshot by Brayden Point.
4:25 of 2nd period - Stopped by Aaron Dell with a rebound.
4:33 of 2nd period - Wrist shot by Alex Ovechkin.
4:33 of 2nd period - Stopped by Aaron Dell with a rebound.
4:45 of 2nd period - K'Andre Miller is hit by Nick Jensen and loses puck.
5:08 of 2nd period - Isac Lundestrom is hit by Kirby Dach and loses puck.
5:53 of 2nd period - Wrist shot by Dominik Kubalik.
5:53 of 2nd period - Shot Misses the Net.
5:55 of 2nd period - Slapshot by Jakub Zboril.
5:55 of 2nd period - Deflect By Alexander Radulov.
5:55 of 2nd period - Stopped by Vitek Vanecek with a rebound.
5:57 of 2nd period - Slapshot by Mike Matheson.
5:57 of 2nd period - Stopped by Vitek Vanecek without a rebound.
5:58 of 2nd period - Nico Hischier wins face-off versus Peyton Krebs in Washington Capitals zone.
6:25 of 2nd period - Seth Jarvis is hit by Owen Tippett and loses puck.
7:06 of 2nd period - Snap shot by Vitaly Kravtsov.
7:06 of 2nd period - Deflect By Cooper Marody.
7:06 of 2nd period - Stopped by Vitek Vanecek with a rebound.
7:08 of 2nd period - Wrist shot by Evan Polei.
7:08 of 2nd period - Shot Blocked by Nick Jensen.
7:10 of 2nd period - Slapshot by Vitaly Kravtsov.
7:10 of 2nd period - Shot Blocked by Nick Jensen.
7:12 of 2nd period - Slapshot by Jakub Zboril.
7:12 of 2nd period - Stopped by Vitek Vanecek with a rebound.
7:14 of 2nd period - Snap shot by Vitaly Kravtsov.
7:14 of 2nd period - Stopped by Vitek Vanecek with a rebound.
7:24 of 2nd period - Ryan Reaves is hit by Nick Jensen and loses puck.
7:31 of 2nd period - Snap shot by Brad Marchand.
7:31 of 2nd period - Shot Misses the Net.
7:35 of 2nd period - Slapshot by Brad Marchand.
7:35 of 2nd period - Stopped by Aaron Dell without a rebound.
7:36 of 2nd period - Brayden Point wins face-off versus Seth Jarvis in Los Angeles Kings zone.
7:37 of 2nd period - Wrist shot by Patrick Kane.
7:37 of 2nd period - Shot Misses the Net.
7:39 of 2nd period - Slapshot by Nikita Zaitsev.
7:39 of 2nd period - Shot Misses the Net.
7:41 of 2nd period - Slapshot by Brayden Point.
7:41 of 2nd period - Stopped by Aaron Dell with a rebound.
7:43 of 2nd period - Slapshot by Nikita Zaitsev.
7:43 of 2nd period - Stopped by Aaron Dell with a rebound.
7:45 of 2nd period - Slapshot by Nikita Zaitsev.
7:45 of 2nd period - Goal by Nikita Zaitsev - Washington Capitals : 1 - Los Angeles Kings : 1.
7:46 of 2nd period - Brayden Point wins face-off versus Seth Jarvis in neutral zone.
8:42 of 2nd period - Off-side.
8:43 of 2nd period - Brayden Point wins face-off versus Seth Jarvis in neutral zone.
9:22 of 2nd period - Wrist shot by Andrei Svechnikov.
9:22 of 2nd period - Stopped by Vitek Vanecek with a rebound.
10:02 of 2nd period - Slapshot by Matt Tennyson.
10:02 of 2nd period - Stopped by Vitek Vanecek without a rebound.
10:03 of 2nd period - Seth Jarvis wins face-off versus Alex Ovechkin in Washington Capitals zone.
10:08 of 2nd period - Wrist shot by Dominik Kubalik.
10:08 of 2nd period - Shot Misses the Net.
10:16 of 2nd period - Wrist shot by Patrick Kane.
10:16 of 2nd period - Stopped by Aaron Dell without a rebound.
10:17 of 2nd period - Nicklas Backstrom wins face-off versus Brayden Point in Los Angeles Kings zone.
10:29 of 2nd period - Off-side.
10:30 of 2nd period - Brayden Point wins face-off versus Seth Jarvis in neutral zone.
10:37 of 2nd period - Snap shot by Dominik Kubalik.
10:37 of 2nd period - Shot Misses the Net.
10:39 of 2nd period - Wrist shot by Seth Jarvis.
10:39 of 2nd period - Goal by Seth Jarvis - Washington Capitals : 1 - Los Angeles Kings : 2.
10:40 of 2nd period - Patrick Kane wins face-off versus Seth Jarvis in neutral zone.
10:56 of 2nd period - Off-side.
10:57 of 2nd period - Nicklas Backstrom wins face-off versus Nico Hischier in neutral zone.
11:46 of 2nd period - Icing by Mike Matheson.
11:47 of 2nd period - Barrett Hayton wins face-off versus Peyton Krebs in Los Angeles Kings zone.
12:14 of 2nd period - Ian Cole is hit by Andrei Svechnikov and loses puck.
13:03 of 2nd period - Slapshot by Mike Matheson.
13:03 of 2nd period - Shot Blocked by Isac Lundestrom.
13:05 of 2nd period - Slapshot by Vitaly Kravtsov.
13:05 of 2nd period - Stopped by Vitek Vanecek without a rebound.
13:06 of 2nd period - Nicklas Backstrom wins face-off versus Brayden Point in Washington Capitals zone.
13:16 of 2nd period - Icing by Patrick Kane.
13:17 of 2nd period - Seth Jarvis wins face-off versus Brayden Point in Washington Capitals zone.
13:18 of 2nd period - Wrist shot by Dominik Kubalik.
13:18 of 2nd period - Stopped by Vitek Vanecek with a rebound.
13:20 of 2nd period - Slapshot by Matt Tennyson.
13:20 of 2nd period - Shot Misses the Net.
13:22 of 2nd period - Wrist shot by Alexander Radulov.
13:22 of 2nd period - Shot Misses the Net.
13:24 of 2nd period - Wrist shot by Seth Jarvis.
13:24 of 2nd period - Shot Misses the Net.
13:26 of 2nd period - Slapshot by Seth Jarvis.
13:26 of 2nd period - Shot Blocked by Connor Murphy.
13:28 of 2nd period - Slapshot by Matt Tennyson.
13:28 of 2nd period - Shot Blocked by Connor Murphy.
14:04 of 2nd period - Snap shot by Jordan Kyrou.
14:04 of 2nd period - Shot Misses the Net.
14:06 of 2nd period - Snap shot by Barrett Hayton.
14:06 of 2nd period - Stopped by Aaron Dell with a rebound.
14:08 of 2nd period - Snap shot by Barrett Hayton.
14:08 of 2nd period - Shot Misses the Net.
14:10 of 2nd period - Slapshot by Barrett Hayton.
14:10 of 2nd period - Stopped by Aaron Dell with a rebound.
14:12 of 2nd period - Slapshot by Connor Murphy.
14:12 of 2nd period - Stopped by Aaron Dell without a rebound.
14:13 of 2nd period - Nicklas Backstrom wins face-off versus Brayden Point in Los Angeles Kings zone.
14:13 of 2nd period - Nicklas Backstrom is hit by Erik Cernak.
14:23 of 2nd period - Snap shot by Brayden Point.
14:23 of 2nd period - Shot Misses the Net.
14:51 of 2nd period - Slapshot by Seth Jarvis.
14:51 of 2nd period - Shot Misses the Net.
15:09 of 2nd period - Minor Penalty to Peyton Krebs for Unsportsmanlike conduct.
15:10 of 2nd period - Brayden Point wins face-off versus Andrei Svechnikov in Los Angeles Kings zone.
15:14 of 2nd period - Slapshot by Brayden Point.
15:14 of 2nd period - Shot Misses the Net.
16:24 of 2nd period - Icing by John Carlson.
16:25 of 2nd period - Brayden Point wins face-off versus Kirby Dach in Washington Capitals zone.
17:09 of 2nd period - Penalty to Peyton Krebs is over, Peyton Krebs is back on ice.
18:07 of 2nd period - Snap shot by Nicklas Backstrom.
18:07 of 2nd period - Stopped by Vitek Vanecek with a rebound.
18:33 of 2nd period - Snap shot by Andrei Svechnikov.
18:33 of 2nd period - Shot Blocked by Connor Murphy.
18:35 of 2nd period - Slapshot by Rasmus Sandin.
18:35 of 2nd period - Stopped by Vitek Vanecek with a rebound.
18:37 of 2nd period - Slapshot by Rasmus Sandin.
18:37 of 2nd period - Stopped by Vitek Vanecek without a rebound.
18:38 of 2nd period - Seth Jarvis wins face-off versus Brayden Point in Washington Capitals zone.
18:49 of 2nd period - Slapshot by Seth Jarvis.
18:49 of 2nd period - Stopped by Vitek Vanecek without a rebound.
18:50 of 2nd period - Seth Jarvis wins face-off versus Brayden Point in Washington Capitals zone.
18:51 of 2nd period - Slapshot by Dominik Kubalik.
18:51 of 2nd period - Deflect By Alexander Radulov.
18:51 of 2nd period - Shot Misses the Net.
18:51 of 2nd period - Puck is out of play.
18:52 of 2nd period - Brayden Point wins face-off versus Seth Jarvis in Washington Capitals zone.
19:00 of 2nd period - Patrick Kane is hit by Alexander Radulov.
19:06 of 2nd period - Slapshot by John Carlson.
19:06 of 2nd period - Stopped by Aaron Dell with a rebound.
19:18 of 2nd period - Snap shot by Alexander Radulov.
19:18 of 2nd period - Stopped by Vitek Vanecek with a rebound.
19:26 of 2nd period - Snap shot by Brad Marchand.
19:26 of 2nd period - Stopped by Aaron Dell without a rebound.
19:27 of 2nd period - Brayden Point wins face-off versus Cooper Marody in Los Angeles Kings zone.
19:38 of 2nd period - Slapshot by Cooper Marody.
19:38 of 2nd period - Stopped by Vitek Vanecek without a rebound.
19:39 of 2nd period - Peyton Krebs wins face-off versus Brayden Point in Washington Capitals zone.
Goals for this period are 1 for Washington Capitals vs 1 for Los Angeles Kings.
Shots for this period are 16 for Washington Capitals vs 17 for Los Angeles Kings.
3rd period
0:01 of 3rd period - Nico Hischier wins face-off versus Seth Jarvis in neutral zone.
0:53 of 3rd period - John Carlson is hit by Nicklas Backstrom and loses puck.
1:26 of 3rd period - Snap shot by Jason Robertson.
1:26 of 3rd period - Stopped by Aaron Dell with a rebound.
1:28 of 3rd period - Snap shot by Jason Robertson.
1:28 of 3rd period - Deflect By Brad Marchand.
1:28 of 3rd period - Stopped by Aaron Dell without a rebound.
1:29 of 3rd period - Nico Hischier wins face-off versus Alexander Radulov in Los Angeles Kings zone.
1:32 of 3rd period - Slapshot by Brad Marchand.
1:32 of 3rd period - Shot Misses the Net.
2:32 of 3rd period - Snap shot by Brad Marchand.
2:32 of 3rd period - Shot Misses the Net.
2:34 of 3rd period - Wrist shot by Brad Marchand.
2:34 of 3rd period - Stopped by Aaron Dell without a rebound.
2:35 of 3rd period - Brayden Point wins face-off versus Peyton Krebs in Los Angeles Kings zone.
4:04 of 3rd period - Ian Cole is hit by Andrei Svechnikov and loses puck.
4:34 of 3rd period - Icing by Ian Cole.
4:35 of 3rd period - Brayden Point wins face-off versus Seth Jarvis in Washington Capitals zone.
4:47 of 3rd period - Off-side.
4:48 of 3rd period - Cooper Marody wins face-off versus Alex Ovechkin in neutral zone.
4:57 of 3rd period - Rasmus Sandin is hit by Patrick Kane and loses puck.
5:42 of 3rd period - Slapshot by Seth Jarvis.
5:42 of 3rd period - Stopped by Vitek Vanecek with a rebound.
5:48 of 3rd period - Alexander Radulov is hit by Connor Murphy and loses puck.
6:12 of 3rd period - Slapshot by Nicklas Backstrom.
6:12 of 3rd period - Shot Blocked by Owen Tippett.
6:53 of 3rd period - Slapshot by Alex Ovechkin.
6:53 of 3rd period - Stopped by Aaron Dell with a rebound.
7:07 of 3rd period - Snap shot by Ryan Reaves.
7:07 of 3rd period - Shot Misses the Net.
7:09 of 3rd period - Snap shot by Tyler Gaudet.
7:09 of 3rd period - Stopped by Vitek Vanecek with a rebound.
7:17 of 3rd period - Backhand shot by Peyton Krebs.
7:17 of 3rd period - Shot Misses the Net.
7:27 of 3rd period - Noah Dobson is hit by Owen Tippett and loses puck.
7:46 of 3rd period - Snap shot by Cooper Marody.
7:46 of 3rd period - Deflect By Vitaly Kravtsov.
7:46 of 3rd period - Shot Misses the Net.
7:46 of 3rd period - Puck is out of play.
7:47 of 3rd period - Brayden Point wins face-off versus Cooper Marody in Washington Capitals zone.
8:37 of 3rd period - Wrist shot by Seth Jarvis.
8:37 of 3rd period - Stopped by Vitek Vanecek with a rebound.
8:39 of 3rd period - Wrist shot by K'Andre Miller.
8:39 of 3rd period - Stopped by Vitek Vanecek with a rebound.
8:43 of 3rd period - Snap shot by Alexander Radulov.
8:43 of 3rd period - Stopped by Vitek Vanecek without a rebound.
8:44 of 3rd period - Brayden Point wins face-off versus Nicklas Backstrom in Washington Capitals zone.
9:11 of 3rd period - Noah Dobson is hit by Nico Hischier and loses puck.
9:33 of 3rd period - Off-side.
9:34 of 3rd period - Seth Jarvis wins face-off versus Barrett Hayton in neutral zone.
9:47 of 3rd period - Snap shot by Dominik Kubalik.
9:47 of 3rd period - Stopped by Vitek Vanecek without a rebound.
9:48 of 3rd period - Nicklas Backstrom wins face-off versus Brayden Point in Washington Capitals zone.
10:15 of 3rd period - Nicklas Backstrom is hit by Barrett Hayton and loses puck.
10:32 of 3rd period - Wrist shot by Andrei Svechnikov.
10:32 of 3rd period - Deflect By Nicklas Backstrom.
10:32 of 3rd period - Shot Misses the Net.
10:32 of 3rd period - Puck is out of play.
10:33 of 3rd period - Peyton Krebs wins face-off versus Brayden Point in Washington Capitals zone.
10:36 of 3rd period - Wrist shot by Noah Dobson.
10:36 of 3rd period - Shot Blocked by Connor Murphy.
10:38 of 3rd period - Slapshot by K'Andre Miller.
10:38 of 3rd period - Deflect By Ryan Reaves.
10:38 of 3rd period - Stopped by Vitek Vanecek without a rebound.
10:39 of 3rd period - Brayden Point wins face-off versus Peyton Krebs in Washington Capitals zone.
10:39 of 3rd period - Brayden Point is hit by Tyler Gaudet.
10:46 of 3rd period - Minor Penalty to Tyler Gaudet for Holding Stick.
10:47 of 3rd period - Brayden Point wins face-off versus Kirby Dach in Los Angeles Kings zone.
11:13 of 3rd period - Andrei Svechnikov is hit by Erik Cernak and loses puck.
12:46 of 3rd period - Penalty to Tyler Gaudet is over, Tyler Gaudet is back on ice.
14:55 of 3rd period - Brad Marchand is hit by Nicklas Backstrom and loses puck.
15:02 of 3rd period - Jason Robertson is hit by Andrei Svechnikov.
15:34 of 3rd period - Wrist shot by Fabian Zetterlund.
15:34 of 3rd period - Shot Blocked by Jakub Zboril.
15:48 of 3rd period - Snap shot by Drake Batherson.
15:48 of 3rd period - Stopped by Aaron Dell without a rebound.
15:49 of 3rd period - Barrett Hayton wins face-off versus Peyton Krebs in Los Angeles Kings zone.
16:14 of 3rd period - Slapshot by Drake Batherson.
16:14 of 3rd period - Stopped by Aaron Dell without a rebound.
16:15 of 3rd period - Nicklas Backstrom wins face-off versus Brayden Point in Los Angeles Kings zone.
16:40 of 3rd period - Nico Hischier is hit by Ryan Reaves and loses puck.
17:36 of 3rd period - Snap shot by Jason Robertson.
17:36 of 3rd period - Stopped by Aaron Dell with a rebound.
17:55 of 3rd period - Icing by K'Andre Miller.
17:56 of 3rd period - Brayden Point wins face-off versus Peyton Krebs in Los Angeles Kings zone.
18:08 of 3rd period - Patrick Kane is hit by K'Andre Miller and loses puck.
18:27 of 3rd period - Wrist shot by Andrei Svechnikov.
18:27 of 3rd period - Stopped by Vitek Vanecek with a rebound.
18:29 of 3rd period - Snap shot by Kirby Dach.
18:29 of 3rd period - Stopped by Vitek Vanecek without a rebound.
18:30 of 3rd period - Peyton Krebs wins face-off versus Brayden Point in Washington Capitals zone.
18:41 of 3rd period - Washington Capitals, Vitek Vanecek is pulled from the net.
18:57 of 3rd period - Nicklas Backstrom is hit by John Carlson and loses puck.
Goals for this period are 0 for Washington Capitals vs 0 for Los Angeles Kings.
Shots for this period are 7 for Washington Capitals vs 9 for Los Angeles Kings.
Back to the Top